 Dungeon Crawl Stone Soup version 0.27-a0-1154-gfdeffcb720 (webtiles) character file.

Game seed: 12743555058469723861

185262 Barazal the Scorcher (level 18, -15/107 HPs)
             Began as a Gargoyle Earth Elementalist on May 14, 2021.
             Was a High Priest of Vehumet.
             Shot with a bolt by a naga sharpshooter (22 damage)
             ... on level 4 of the Snake Pit.
             The game lasted 01:14:14 (38363 turns).

Barazal the Scorcher (Gargoyle Earth Elementalist) Turns: 38363, Time: 01:14:15

Health: -15/107    AC: 37    Str: 23    XL:     18   Next: 43%
Magic:  17/32      EV: 14    Int: 24    God:    Vehumet [*****.]
Gold:   4194       SH:  5    Dex: 21    Spells: 5/38 levels left

rFire    + . .     SeeInvis +   l - +7 eveningstar (elec)
rCold    . . .     Faith    .   (no shield)
rNeg     + . .     Spirit   .   y - +3 steam dragon scales
rPois    ∞         Reflect  +   M - +2 hat {SInv}
rElec    +         Harm     .   c - +2 cloak {Will+}
rCorr    .         Rampage  .   d - +4 pair of gloves "Avunn" {Will- Str+3 Int+2 Stlth+}
Will     ++...     Clarity  +   i - +1 pair of boots
Stlth    +++.......             A - amulet of reflection
HPRegen  0.27/turn              K - ring "Goag" {*Slow rPois rF+ Str+6 Dex+5}
MPRegen  0.23/turn              G - +6 ring of dexterity

@: weakened, flying, very slightly contaminated, constricted
A: sickness immunity, AC +13, big wings, negative energy resistance 1,
electricity resistance, torment resistance 1, petrification resistance,
iridescent scales 1, clarity, strong-willed 1
a: Renounce Religion


You were on level 4 of the Snake Pit.
You worshipped Vehumet.
Vehumet was extremely pleased with you.
You visited 5 branches of the dungeon, and saw 28 of its levels.
You also visited: Bailey, Gauntlet and Ice Cave.

You collected 6697 gold pieces.
You spent 2503 gold pieces at shops.

Inventory:

Hand Weapons
 k - the +4 morningstar of Watchfulness {venom, rF+ rCorr Int+2}
   (You found it on level 2 of the Snake Pit)

   It poisons the flesh of those it strikes.
   It affects your intelligence (+2).
   It protects you from fire.
   It protects you from acid and corrosion.
 l - a +7 eveningstar of electrocution (weapon)
Missiles
 b - 1036 stones
 e - 3 curare-tipped darts
 C - 10 throwing nets
Armour
 c - a +2 cloak of willpower (worn)
 d - the +4 pair of gloves "Avunn" (worn) {Will- Str+3 Int+2 Stlth+}
   (You acquired it on level 3 of the Dungeon)

   It affects your strength (+3).
   It affects your intelligence (+2).
   It decreases your willpower.
   It makes you more stealthy.
 i - a +1 pair of boots (worn)
 w - the +0 cloak of Letedu {*Slow rF+ rN++ rCorr}
   (You bought it in a shop on level 3 of the Snake Pit)

   It protects you from fire.
   It greatly protects you from negative energy.
   It protects you from acid and corrosion.
   It may slow you when you take damage.
 y - +3 steam dragon scales (worn)
 M - a +2 hat of see invisible (worn)
Jewellery
 r - a ring of fire
 A - an amulet of reflection (around neck)
 G - a +6 ring of dexterity (right hand)
 K - the ring "Goag" (left hand) {*Slow rPois rF+ Str+6 Dex+5}
   (You found it in a Gauntlet)

   [ring of strength]

   It affects your strength (+6).
   It affects your dexterity (+5).
   It protects you from fire.
   It protects you from poison.
   It may slow you when you take damage.
 L - a ring of protection from fire
Wands
 g - a wand of acid (1)
 j - a wand of paralysis (36)
 x - a wand of iceblast (10)
 z - a wand of polymorph (20)
 J - a wand of mindburst (15)
 O - a wand of digging (2)
 U - a wand of charming (19)
Scrolls
 f - 4 scrolls of magic mapping
 h - 4 scrolls of immolation
 n - 2 scrolls of summoning
 u - 3 scrolls of fog
 v - 9 scrolls of teleportation
 B - 6 scrolls of blinking
 H - 4 scrolls of fear
 N - 11 scrolls of identify
 P - 3 scrolls of amnesia
Potions
 a - 3 potions of heal wounds
 m - 21 potions of curing
 o - 2 potions of magic
 p - 7 potions of might
 q - 5 potions of ambrosia
 s - 2 potions of mutation
 t - 3 potions of haste
 E - 5 potions of lignification
 F - a potion of invisibility
 Q - 3 potions of berserk rage
 R - a potion of brilliance
 S - 2 potions of resistance
 T - 2 potions of cancellation
Miscellaneous
 D - a condenser vane (inert)


   Skills:
 - Level 9.8 Fighting
 - Level 9.0 Maces & Flails
 - Level 6.0 Armour
 - Level 7.8 Dodging
 - Level 2.1 Stealth
 - Level 10.6 Spellcasting
 - Level 11.1 Conjurations
 - Level 0.7 Transmutations
 + Level 18.1 Fire Magic
 - Level 12.6 Earth Magic
 - Level 8.4 Evocations


You had 5 spell levels left.
You knew the following spells:

 Your Spells              Type           Power      Damage    Failure   Level
a - Sandblast             Erth           100%       2d20      1%          1
b - Stone Arrow           Conj/Erth      100%       3d13      1%          3
c - Lee's Rapid Deconstr  Erth           32%        3d18*     1%          5
d - Iron Shot             Conj/Erth      31%        9d6       1%          6
e - Bolt of Magma         Conj/Fire/Erth 34%        4d15      1%          5
f - Irradiate             Conj/Tmut      20%        3d20      3%          5
g - Ignition              Fire           39%        3d12      5%          8

Your spell library contained the following spells:

 Spells                   Type           Power      Damage    Failure   Level
 Lehudib's Crystal Spear  Conj/Erth      31%        10d8      50%         8
 Freeze                   Ice            48%        1d7       1%          1
 Magic Dart               Conj           100%       1d8       1%          1
 Shock                    Conj/Air       100%       1d9       1%          1
 Passwall                 Tmut/Erth      36%        N/A       1%          2
 Searing Ray              Conj           100%       3d7       1%          2
 Dazzling Flash           Conj/Hex       78%        N/A       1%          3
 Ignite Poison            Fire/Tmut/Pois 43%        N/A       1%          3
 Mephitic Cloud           Conj/Pois/Air  30%        N/A       1%          3
 Fulminant Prism          Conj/Hex       19%        3d11      1%          4
 Hailstorm                Conj/Ice       39%        3d9       1%          4
 Iskenderun's Mystic Bla  Conj/Tloc      39%        2d9       1%          4
 Fireball                 Conj/Fire      35%        3d15      1%          5
 Iskenderun's Battlesphe  Conj           60%        2d11      1%          5
 Poisonous Vapours        Pois/Air       24%        N/A       2%          2
 Beastly Appendage        Tmut           32%        N/A       3%          1
 Petrify                  Tmut/Erth      44%        N/A       3%          4
 Sting                    Tmut/Pois      56%        1d5       4%          1
 Summon Small Mammal      Summ           48%        N/A       4%          1
 Frozen Ramparts          Ice            24%        1d4       4%          3
 Wereblood                Tmut           16%        N/A       5%          2
 Call Imp                 Summ           12%        N/A       8%          2
 Corpse Rot               Necr/Air       N/A        N/A       8%          2
 Borgnjor's Vile Clutch   Necr/Erth      21%        N/A       10%         5
 Spider Form              Tmut/Pois      7%         N/A       13%         3
 Olgreb's Toxic Radiance  Pois           12%        N/A       13%         4
 Call Canine Familiar     Summ           12%        N/A       16%         3
 Ozocubu's Armour         Ice            12%        N/A       16%         3
 Summon Guardian Golem    Hex/Summ       12%        N/A       16%         3
 Ice Form                 Ice/Tmut       14%        N/A       38%         4
 Animate Dead             Necr           6%         N/A       45%         4
 Summon Ice Beast         Ice/Summ       12%        N/A       45%         4
 Summon Lightning Spire   Summ/Air       12%        N/A       45%         4
 Hydra Form               Tmut           8%         N/A       71%         5
 Metabolic Englaciation   Hex/Ice        6%         N/A       80%         5
 Silence                  Hex/Air        6%         N/A       80%         5
 Starburst                Conj/Fire      35%        8x6d10    1%          6
 Orb of Destruction       Conj           30%        9d11      12%         7
 Conjure Ball Lightning   Conj/Air       19%        3x3d6     21%         6
 Spellforged Servitor     Conj/Summ      19%        N/A       69%         7
 Death Channel            Necr           6%         N/A       100%        6
 Simulacrum               Ice/Necr       6%         N/A       100%        6
 Tornado                  Air            6%         N/A       100%        9


Dungeon Overview and Level Annotations

Branches:
Dungeon (15/15)            Temple (1/1) D:6            Lair (6/6) D:8
 Shoals (0/4) Lair:2        Snake (4/4) Lair:4        Slime (0/5) Lair:5
    Orc (2/2) D:9             Elf (0/3) Orc:2        Vaults (0/5) D:13
 Depths (0/5) D:15         Bailey (visited)           IceCv (visited)
Gauntlet (visited)

Altars:
Ashenzari
Cheibriados
Dithmenos
Elyvilon
Fedhas
Gozag
Hepliaklqana
Kikubaaqudgha
Makhleb
Nemelex Xobeh
Okawaru
Qazlal
Ru
Sif Muna
Trog
Uskayaw
Vehumet
Wu Jian
Xom
Yredelemnul
Zin
The Shining One

Shops:
D:6 [   D:8 [   Orc:1 !   Orc:2 ?!(*   Snake:3 *[*

Annotations:
D:6 2 transporters, hydra's ghost, novice TrBe


Innate Abilities, Weirdness & Mutations

You are immune to sickness and miasma.
Your stone body is resilient. (AC +13)
You are immune to poison.
Your large and strong wings let you fly.
You resist negative energy. (rN+)
You are resistant to electric shocks. (rElec)
You are resistant to unholy torment.
You are immune to petrification.
You are partially covered in iridescent scales. (AC +2)
You possess an exceptional clarity of mind.
You are strong-willed. (Will+)


Message History

The naga warrior hits you but does no damage.
The guardian serpent coils itself and waves its upper body at you.
The bolt of poison hits you but does no damage.
You resist.
The naga sharpshooter spits poison at you.
The splash of poison misses you.
The splash of poison hits the naga warrior.
The salamander tyrant gazes fiercely through you!
You feel as though you will be weak longer.
The salamander tyrant hits you!
* * * LOW HITPOINT WARNING * * *
You are engulfed in flames!
You resist.
* * * LOW HITPOINT WARNING * * *
The guardian serpent coils itself and waves its upper body at you.
The bolt of poison hits you but does no damage.
You resist.
Unknown command.
Unknown command.
Unknown command.
Unknown command.
You feel much better. The naga warrior barely misses you.
* * * LOW HITPOINT WARNING * * *
The naga warrior constricts you. The naga warrior spits poison at you.
The splash of poison hits you but does no damage.
You resist.
The naga sharpshooter shoots a bolt.
The bolt hits you.
* * * LOW HITPOINT WARNING * * *
The salamander tyrant misses you.
The guardian serpent hits you but does no damage.
You feel much better.
The guardian serpent closely misses you.
The naga warrior hits you but does no damage.
The naga warrior constricts you.
The naga warrior hits you with a +2 dire flail of holy wrath!!!
* * * LOW HITPOINT WARNING * * *
The guardian serpent hits you.
* * * LOW HITPOINT WARNING * * *
A naga sharpshooter comes into view. It is wielding a +0 dire flail.
The naga sharpshooter shoots a bolt.
The bolt hits you!!
You die...

...... .#.#.
####[.)####
###....[....###
##.....÷.......#
.........[......
......)÷[[......
.).(.[)<÷N......
..(...÷N@N......
.......NSS......
........).).....
................
#...............
###...........##
####...$.####
###N###


You could see 2 naga warriors, 2 naga sharpshooters, a salamander tyrant
(strong, misshapen) and 2 guardian serpents.

Vanquished Creatures
  A caustic shrike (shapeshifter) (D:13)
  Gastronok (Lair:2)
  4 nagarajas
  A frost giant (IceCv)
  Nessos (D:12)
  Azrael (D:12)
  A dire elephant (D:15)
  A minotaur (Gauntlet)
  2 fire dragons
  Josephine (D:13)
  3 salamander tyrants
  Harold (Lair:2)
  A rakshasa (D:13)
  9 naga warriors
  Erolcha (D:11)
  12 hydras
  4 boulder beetles
  5 catoblepae
  5 anacondas
  5 centaur warriors
  6 death yaks
  6 two-headed ogres
  2 tengu warriors
  4 naga sharpshooters
  5 shock serpents
  Nergalle (Lair:2)
  A fire crab (Gauntlet)
  A salamander mystic (Snake:3)
  5 skeletal warriors (D:14)
  5 naga ritualists
  A swamp dragon (Lair:6)
  A lindwurm (Lair:6)
  2 wizards (D:13)
  2 necromancers
  2 mana vipers
  3 orc knights
  2 deep elf pyromancers
  11 ugly things
  A wolf spider (D:15)
  A manticore (shapeshifter) (D:13)
  4 cyclopes
  10 salamanders
  5 manticores
  Maurice (D:11)
  3 elephants (Lair:4)
  32 black mambas
  2 ice statues
  11 naga magi
  5 guardian serpents
  2 torpor snails
  12 cane toads
  2 gargoyles (D:11)
  A freezing wraith (D:15)
  2 kobold demonologists
  10 rime drakes
  An efreet (D:13)
  8 komodo dragons
  A tengu conjurer (D:15)
  A queen bee (D:14)
  8 trolls
  3 meliai (D:14)
  17 polar bears
  Prince Ribbit (D:6)
  17 blink frogs
  A hornet (shapeshifter) (D:14)
  3 dream sheep (Lair:5)
  A snapping turtle (Lair:2)
  5 wraiths
  47 yaks
  3 wyverns
  A vampire (D:11)
  2 fire bats (Gauntlet)
  7 steam dragons
  3 fire elementals (D:12)
  9 vampire mosquitoes
  13 basilisks
  4 wargs
  34 nagas
  Edmund (D:4)
  2 acid dragons
  18 water moccasins
  4 hell hounds (D:12)
  2 swamp drakes (Lair:6)
  4 sky beasts
  An ogre (D:6)
  11 black bears
  11 ice beasts
  A necrophage (D:6)
  47 orc warriors
  22 wolves
  20 centaurs
  A phantom (D:4)
  Blork the orc (D:6)
  18 kobold brigands
  8 bullfrogs
  6 gnoll sergeants
  9 scorpions
  A wyvern zombie (D:5)
  18 killer bees
  An electric eel (Lair:2)
  A howler monkey (D:12)
  2 centaur zombies
  2 gnoll shamans (D:7)
  9 orc priests
  5 hounds
  Jessica (D:3)
  7 iguanas
  16 orc wizards
  A hound skeleton (D:4)
  2 howler monkey zombies
  12 adders
  24 gnolls
  2 shadow imps (D:8)
  An ufetubus (D:6)
  An adder skeleton (D:4)
  A worm (D:2)
  6 dart slugs
  66 orcs
  5 ball pythons
  10 bats
  7 endoplasms
  A giant cockroach (D:2)
  3 goblins
  5 hobgoblins
  14 jackals
  5 frilled lizards
  36 kobolds
  4 rats
870 creatures vanquished.

Vanquished Creatures (collateral kills)
  A naga warrior (Snake:1)
  A naga ritualist (Snake:1)
  2 mana vipers (Snake:1)
  2 black mambas (Snake:1)
6 creatures vanquished.

Vanquished Creatures (others)
  An ugly thing (D:14)
  A tengu conjurer (D:13)
  5 dream sheep (D:10)
  2 yaks (IceCv)
  A basilisk (Lair:3)
  2 wolves (IceCv)
  A killer bee (D:14)
  A white imp (D:6)
  77 fungi
  118 plants
  2 withered plants (D:2)
211 creatures vanquished.

Grand Total: 1087 creatures vanquished

Notes
Turn   | Place    | Note
-------+----------+-------------------------------------------
     0 | D:1      | Barazal the Gargoyle Earth Elementalist began the quest for
                  | the Orb.
     0 | D:1      | Reached XP level 1. HP: 10/10 MP: 3/3
   118 | D:1      | Reached XP level 2. HP: 14/15 MP: 5/5
  1116 | D:2      | Reached XP level 3. HP: 19/19 MP: 5/7
  1120 | D:2      | Learned a level 3 spell: Stone Arrow
  1588 | D:2      | Reached XP level 4. HP: 24/24 MP: 0/8
  1669 | D:2      | Reached skill level 1 in Conjurations
  1939 | D:2      | Found a faded altar of an unknown god.
  2298 | D:3      | Identified a scroll of acquirement
  2298 | D:3      | Acquired the +4 pair of gloves "Avunn" {Will- Str+3 Int+2
                  | Stlth+}
  2727 | D:3      | Identified Ykient's Tome of Lightness and Toxins
  2840 | D:3      | Reached skill level 5 in Earth Magic
  2840 | D:3      | Reached XP level 5. HP: 27/28 MP: 5/10
  2855 | D:3      | Acquired 432 gold pieces
  2884 | D:3      | Noticed Jessica
  2889 | D:3      | Killed Jessica
  3071 | D:3      | Paralysed by a kobold for 4 turns
  3414 | D:4      | Noticed a phantom
  3427 | D:4      | Killed a phantom
  3428 | D:4      | Reached XP level 6. HP: 32/32 MP: 6/11
  3436 | D:4      | Learned a level 5 spell: Lee's Rapid Deconstruction
  3618 | D:4      | Noticed Edmund
  3676 | D:4      | Killed Edmund
  3803 | D:4      | Reached XP level 7. HP: 20/36 MP: 10/13
  4796 | D:5      | Entered Level 5 of the Dungeon
  5106 | D:5      | Identified the +1 ring mail of Limited Liability {rF+
                  | Dex+2}
  5231 | D:5      | Found a stormy altar of Qazlal.
  5400 | D:5      | Found a basalt altar of Yredelemnul.
  5917 | D:5      | Found an iron altar of Okawaru.
  6358 | D:6      | Found a staircase to the Ecumenical Temple.
  6364 | Temple   | Entered the Ecumenical Temple
  6574 | Temple   | Became a worshipper of Vehumet
  6597 | D:6      | Reached skill level 5 in Spellcasting
  6597 | D:6      | Reached XP level 8. HP: 35/41 MP: 11/15
  6679 | D:6      | Found Zaraeph's Armour Emporium.
  6789 | D:6      | Noticed hydra's ghost (novice TrBe)
  6790 | D:6      | Found a transporter.
  6791 | D:6      | Identified the +4 great mace of Oozing Pus {flame, Will+
                  | rCorr}
  6793 | D:6      | Found a transporter.
  6850 | D:6      | Reached skill level 5 in Conjurations
  6870 | D:6      | Acquired a book of Fire
  6972 | D:6      | Found an ancient bone altar of Kikubaaqudgha.
  7034 | D:6      | Reached skill level 1 in Armour
  7082 | D:6      | Noticed Blork the orc
  7089 | D:6      | Killed Blork the orc
  7175 | D:6      | Reached skill level 1 in Fighting
  7175 | D:6      | Reached skill level 1 in Maces & Flails
  7175 | D:6      | Reached skill level 1 in Evocations
  7812 | D:7      | Found a flagged portal.
  7847 | Bailey   | Entered a bailey
  7889 | Bailey   | Reached * piety under Vehumet
  7889 | Bailey   | Offered knowledge of Magic Dart by Vehumet.
  8026 | Bailey   | Reached XP level 9. HP: 48/48 MP: 2/17
  8682 | D:7      | Noticed Prince Ribbit
  8793 | D:6      | Killed Prince Ribbit
  9132 | D:7      | Noticed a troll
  9141 | D:7      | Killed a troll
  9142 | D:7      | Reached XP level 10. HP: 47/56 MP: 6/19
  9240 | D:7      | Offered knowledge of Freeze by Vehumet.
  9321 | D:7      | Reached ** piety under Vehumet
  9637 | D:7      | Found a glowing golden altar of the Shining One.
 10004 | D:7      | Offered knowledge of Conjure Flame by Vehumet.
 10211 | D:8      | Found a staircase to the Lair.
 10314 | D:8      | Acquired 1182 gold pieces
 10377 | D:8      | Reached *** piety under Vehumet
 10886 | D:8      | Found Suw Qait's Armour Shop.
 11626 | D:9      | Noticed a cyclops
 11633 | D:9      | Killed a cyclops
 11739 | D:9      | Reached skill level 5 in Fighting
 11739 | D:9      | Reached XP level 11. HP: 63/63 MP: 21/21
 11745 | D:9      | Offered knowledge of Sticky Flame by Vehumet.
 11749 | D:9      | Reached skill level 5 in Armour
 12032 | D:9      | Found a staircase to the Orcish Mines.
 12127 | D:9      | Noticed a two-headed ogre
 12129 | D:9      | Killed a two-headed ogre
 12878 | D:10     | Entered Level 10 of the Dungeon
 12895 | D:10     | Noticed a two-headed ogre
 12900 | D:10     | Killed a two-headed ogre
 12901 | D:10     | Reached skill level 5 in Maces & Flails
 13097 | D:10     | Reached **** piety under Vehumet
 13388 | D:10     | Reached skill level 5 in Evocations
 13399 | D:10     | Offered knowledge of Iskenderun's Mystic Blast by Vehumet.
 13461 | D:10     | Reached skill level 5 in Dodging
 13487 | D:10     | Reached skill level 10 in Earth Magic
 13520 | D:10     | Noticed a soul eater
 13699 | D:10     | Reached XP level 12. HP: 71/71 MP: 23/23
 13780 | D:10     | Found a shimmering altar of Xom.
 13896 | D:11     | Learned a level 6 spell: Iron Shot
 13902 | D:11     | Learned a level 5 spell: Bolt of Magma
 14034 | D:11     | Noticed an eight-headed hydra
 14036 | D:11     | Killed an eight-headed hydra
 14037 | D:11     | Reached skill level 1 in Fire Magic
 14249 | D:11     | Noticed a two-headed ogre
 14254 | D:11     | Killed a two-headed ogre
 14383 | D:11     | Noticed Maurice
 14389 | D:11     | Killed Maurice
 14390 | D:11     | Reached skill level 2 in Fire Magic
 14776 | D:11     | Noticed Erolcha
 14780 | D:11     | Killed Erolcha
 15113 | D:12     | Noticed Azrael
 15120 | D:12     | Noticed Nessos
 15122 | D:12     | Killed Nessos
 15141 | D:12     | Found a gate leading to a gauntlet.
 15148 | D:12     | Reached skill level 3 in Fire Magic
 15153 | Gauntlet | Entered a Gauntlet
 15153 | Gauntlet | Found a transporter.
 15153 | Gauntlet | Found a transporter.
 15153 | Gauntlet | Found a transporter.
 15261 | Gauntlet | Found a transporter.
 15265 | Gauntlet | Found a transporter.
 15271 | Gauntlet | Noticed a soul eater
 15275 | Gauntlet | Found a transporter.
 15279 | Gauntlet | Found a transporter.
 15291 | Gauntlet | Found a transporter.
 15307 | Gauntlet | Noticed a death yak
 15309 | Gauntlet | Noticed a death yak
 15311 | Gauntlet | Found a transporter.
 15312 | Gauntlet | Noticed a death yak
 15313 | Gauntlet | Noticed a death yak
 15317 | Gauntlet | Found a transporter.
 15335 | Gauntlet | Found a transporter.
 15378 | Gauntlet | Found a transporter.
 15454 | Gauntlet | Reached ***** piety under Vehumet
 15570 | Gauntlet | Identified the +0 pair of gloves of Inquiry {Int+4}
 15581 | Gauntlet | Offered knowledge of Ozocubu's Refrigeration by Vehumet.
 15614 | Gauntlet | Reached skill level 4 in Fire Magic
 15618 | Gauntlet | Killed a death yak
 15619 | Gauntlet | Killed a death yak
 15619 | Gauntlet | Killed a death yak
 15622 | Gauntlet | Killed a death yak
 15623 | Gauntlet | Reached XP level 13. HP: 76/76 MP: 10/25
 15635 | Gauntlet | Identified the ring "Goag" {*Slow rPois rF+ Str+6 Dex+5}
 15730 | Gauntlet | Gained mutation: You possess an exceptional clarity of
                  | mind. [potion of mutation]
 15730 | Gauntlet | Gained mutation: You are partially covered in iridescent
                  | scales. (AC +2) [potion of mutation]
 15730 | Gauntlet | Gained mutation: You are strong-willed. (Will+) [potion of
                  | mutation]
 15768 | Gauntlet | Identified the +7 battleaxe of Jegann {speed, rElec Str+2
                  | SInv}
 15768 | Gauntlet | Identified the ring of Mess {Ice +Blink rPois Will+ Str-5}
 15768 | Gauntlet | Noticed a minotaur
 15782 | Gauntlet | Killed a minotaur
 16132 | D:12     | Reached skill level 5 in Fire Magic
 16327 | D:12     | Killed Azrael
 17394 | D:13     | Found a gate to the Vaults.
 17402 | D:13     | Reached skill level 6 in Fire Magic
 17601 | D:13     | Noticed a rakshasa
 17624 | D:13     | Killed a rakshasa
 17784 | D:13     | Found a sacrificial altar of Ru.
 18601 | D:13     | Noticed Josephine
 18664 | D:13     | Killed Josephine
 18672 | D:13     | Offered knowledge of Eringya's Noxious Bog by Vehumet.
 18673 | D:13     | Reached skill level 10 in Conjurations
 18706 | D:13     | Gained mutation: Your large and strong wings let you fly.
                  | [Gargoyle growth]
 18706 | D:13     | Reached XP level 14. HP: 41/84 MP: 6/27
 18988 | D:13     | Reached skill level 7 in Fire Magic
 19079 | D:13     | Noticed a caustic shrike
 19088 | D:13     | Killed a caustic shrike
 19829 | D:14     | Identified the +7 short sword of Gasiufof {elec, rF- Dex+5
                  | Stlth+}
 20179 | D:14     | Reached skill level 8 in Fire Magic
 20725 | Lair:1   | Entered Level 1 of the Lair of Beasts
 21757 | Lair:2   | Noticed Gastronok
 21768 | Lair:2   | Killed Gastronok
 22095 | Lair:2   | Noticed Nergalle
 22105 | Lair:2   | Killed Nergalle
 22231 | Lair:2   | Reached XP level 15. HP: 84/90 MP: 15/28
 22538 | Lair:2   | Noticed Harold
 22544 | Lair:2   | Killed Harold
 22632 | Lair:2   | Found a staircase to the Shoals.
 22821 | Lair:2   | Reached skill level 9 in Fire Magic
 23152 | Lair:3   | Reached skill level 10 in Spellcasting
 23152 | Lair:3   | Reached XP level 16. HP: 96/96 MP: 28/30
 23167 | Lair:3   | Found a frozen archway.
 23209 | IceCv    | Entered an ice cave
 23258 | IceCv    | Reached skill level 10 in Fire Magic
 23629 | IceCv    | Offered knowledge of Yara's Violent Unravelling by Vehumet.
 25911 | Lair:4   | Learned a level 8 spell: Ignition
 26049 | Lair:4   | Found a staircase to the Snake Pit.
 26425 | Lair:5   | Found a staircase to the Slime Pits.
 26434 | Lair:5   | Offered knowledge of Irradiate by Vehumet.
 26763 | Lair:5   | Learned a level 5 spell: Irradiate
 26878 | Lair:5   | Reached skill level 11 in Fire Magic
 27061 | Lair:5   | You are sucked into a shaft and drop 1 floor!
 27061 | Lair:6   | Entered Level 6 of the Lair of Beasts
 27933 | Lair:6   | Reached skill level 12 in Fire Magic
 28572 | Lair:6   | Acquired 753 gold pieces
 28627 | Lair:6   | Offered knowledge of Freezing Cloud by Vehumet.
 28926 | Lair:6   | Reached XP level 17. HP: 95/101 MP: 31/31
 28934 | Lair:6   | Reached skill level 13 in Fire Magic
 29867 | Orc:1    | Entered Level 1 of the Orcish Mines
 29905 | Orc:1    | Found Coun's Distillery.
 29916 | Orc:1    | Bought a potion of haste for 130 gold pieces
 29916 | Orc:1    | Bought a potion of heal wounds for 65 gold pieces
 29916 | Orc:1    | Bought a potion of ambrosia for 104 gold pieces
 29916 | Orc:1    | Bought a potion of might for 52 gold pieces
 29916 | Orc:1    | Bought a potion of berserk rage for 65 gold pieces
 29916 | Orc:1    | Bought a potion of heal wounds for 65 gold pieces
 29916 | Orc:1    | Bought a potion of mutation for 104 gold pieces
 30494 | Orc:2    | Entered Level 2 of the Orcish Mines
 30553 | Orc:2    | Found a burning altar of Makhleb.
 30602 | Orc:2    | Reached skill level 14 in Fire Magic
 30607 | Orc:2    | Reached ****** piety under Vehumet
 30716 | Orc:1    | Offered knowledge of Lightning Bolt by Vehumet.
 30846 | Orc:2    | Found Sopodeq's Antique Weapon Emporium.
 30846 | Orc:2    | Found Qynypimn's Distillery.
 30848 | Orc:2    | Found Doxoquell's Magic Scroll Shop.
 30850 | Orc:2    | Found Jakloa's General Store.
 30871 | Orc:2    | Bought a potion of invisibility for 96 gold pieces
 30871 | Orc:2    | Bought a potion of curing for 36 gold pieces
 30871 | Orc:2    | Bought a potion of haste for 120 gold pieces
 30871 | Orc:2    | Bought a potion of brilliance for 48 gold pieces
 30871 | Orc:2    | Bought a potion of curing for 36 gold pieces
 30871 | Orc:2    | Bought a potion of resistance for 120 gold pieces
 30871 | Orc:2    | Bought a potion of heal wounds for 60 gold pieces
 30871 | Orc:2    | Bought a potion of cancellation for 96 gold pieces
 30873 | Orc:2    | Bought a scroll of teleportation for 54 gold pieces
 30873 | Orc:2    | Bought a scroll of summoning for 171 gold pieces
 30904 | Orc:2    | Found a staircase to the Elven Halls.
 31569 | D:15     | Entered Level 15 of the Dungeon
 31726 | D:15     | Found a staircase to the Depths.
 33278 | Snake:1  | Entered Level 1 of the Snake Pit
 33328 | Snake:1  | Reached skill level 15 in Fire Magic
 35220 | Snake:2  | Reached skill level 16 in Fire Magic
 35360 | Snake:2  | Identified the +4 morningstar of Watchfulness {venom, rF+
                  | rCorr Int+2}
 36295 | Snake:3  | Found a shadowy altar of Dithmenos.
 36638 | Snake:3  | Offered knowledge of Lehudib's Crystal Spear by Vehumet.
 36645 | Snake:3  | Reached XP level 18. HP: 84/107 MP: 12/32
 37197 | Snake:3  | Reached skill level 17 in Fire Magic
 37531 | Snake:3  | Found Ribleysch's General Store.
 37533 | Snake:3  | Found Xoamm's Antique Armour Shop.
 37535 | Snake:3  | Found Wethor's General Store.
 37550 | Snake:3  | Bought a distressingly furry cloak for 304 gold pieces
 37550 | Snake:3  | Identified the +0 cloak of Letedu {*Slow rF+ rN++ rCorr}
                  | (You bought it in a shop on level 3 of the Snake Pit)
 37552 | Snake:3  | Bought a condenser vane for 560 gold pieces
 37552 | Snake:3  | Bought a potion of curing for 42 gold pieces
 37552 | Snake:3  | Bought a scroll of enchant weapon for 105 gold pieces
 37552 | Snake:3  | Bought a potion of berserk rage for 70 gold pieces
 37555 | Snake:3  | Acquired 1261 gold pieces
 38060 | Snake:4  | Entered Level 4 of the Snake Pit
 38082 | Snake:3  | Reached skill level 18 in Fire Magic
 38363 | Snake:4  | Shot with a bolt by a naga sharpshooter

Illustrated notes

Levels and vault maps discovered:
D:1:      dpeg_arrival_rooms_c, layout_basic
D:2:      layout_loops_corners, shapermc_ecumenical_altar_gd
D:3:      layout_basic, uniq_jessica
D:4:      kennysheep_kobold_camp, layout_basic, serial_bayou_pond_d, uniq_edmund
D:5:      layout_layer_cave, nicolae_overflow_crystal_walls,
          lemuel_coloured_pillars_altar, lemuel_doored_altar
D:6:      layout_basic, kennysheep_mini_moat, minmay_temple_entry_hall,
          serial_shops, nicolae_shop_window_shopping, gammafunk_ghost_smash,
          lemuel_flamethrower_1, uniq_blork_the_orc
D:7:      layout_cave_pools, nicolae_tso_carved_into_rock, serial_gnoll_camp,
          gnoll_camp_huts_basic, gnoll_camp_medium_02, gnoll_camp_mini_sergeant,
          gnoll_camp_mini_hut, gnoll_camp_mini_hut, enter_bailey_4,
          corner_web_ring, minmay_fractal_squares_diagonal_5,
          uniq_prince_ribbit1
D:8:      old_forge, layout_cave_pods, due_lair_maze_entry_diamond,
          serial_shops, nicolae_shop_competitors_out_of_business,
          minmay_misc_feat_tower, hangedman_misty_isle
D:9:      layout_basic, david_orc_1_choice
D:10:     layout_roguey [special_room_kobold], kb_xom_exploding_sheep
D:11:     layout_loops_ring, uniq_erolcha, uniq_maurice
D:12:     layout_gridville, gauntlet_entry_generic, uniq_nessos, uniq_azrael
D:13:     layout_layer_cave, david_vaults_1, nicolae_ru_path_of_blood,
          uniq_josephine
D:14:     layout_loops_ring, small_statue_intersection, minivault_7
D:15:     hangedman_depths_entry_try_elsewhere_first, layout_cave_pods,
          chequers_hall_statues_wall_a
Temple:   eino_temple_scatter_basement
Lair:1:   layout_loops_ring, chequers_serial_rivers_micro_c
Lair:2:   beast_lair_carwin_large_3, layout_gridlike, minmay_shoals_entry_hut,
          lemuel_fruit_tree, infiniplex_staircase_pool_2, uniq_nergalle,
          uniq_gastronok, uniq_harold
Lair:3:   layout_cave_pods, portal_ice_cave_entry_ice_beasts,
          kennysheep_basilisk_garden
Lair:4:   layout_concentric_octagons, minmay_snake_entry_guardpost_medium
Lair:5:   layout_loops_ring, nicolae_slime_entry_slimehenge
Lair:6:   hangedman_lair_in_review, layout_regular_city,
          guppyfry_lair_end_dragon, minmay_lair_drake_nest
Snake:1:  layout_rooms, st_stairs_12, grunt_ministairs_12
Snake:2:  layout_honeycomb, grunt_ministairs_15
Snake:3:  layout_honeycomb, basic_altar, minmay_shop_star
Snake:4:  snake_hunt, layout_onion_interference, grunt_ministairs_14,
          st_stairs_5, minmay_snake_pond, uniq_vashnia
Orc:1:    layout_caves, serial_shops, shop, minmay_orc_barracks
Orc:2:    st_orc_rangers, layout_caves, basic_altar

Skill      XL: |  1  2  3  4  5  6  7  8  9 10 11 12 13 14 15 16 17 18 |
---------------+-------------------------------------------------------+-----
Earth Magic    | 4 5 6 7 8 9 10 11 12 | 12.6
Spellcasting   | 3 4 5 6 7 8 9 10 | 10.6
Conjurations   | 1 2 3 4 5 6 7 8 9 10 11 | 11.1
Armour         | 2 3 4 6 |  6.0
Fighting       | 2 3 5 6 7 8 9 |  9.8
Maces & Flails | 1 3 4 5 6 7 8 9 |  9.0
Dodging        | 2 3 4 5 6 7 |  7.8
Evocations     | 1 3 4 5 6 7 8 |  8.4
Fire Magic     | 4 6 8 9 12 16 18 | 18.1
Stealth        | |  2.1
Transmutations | |  0.7

Action                   |  1- 3 |  4- 6 |  7- 9 | 10-12 | 13-15 | 16-18 || total
-------------------------+-------+-------+-------+-------+-------+-------++-------
Melee: Dagger            |    47 |   212 |   233 |   260 |       |       ||   752
       Unarmed           |     2 |       |       |       |       |       ||     2
       Eveningstar       |       |       |       |   232 |   342 |  1006 ||  1580
 Cast: Sandblast         |    22 |    42 |    40 |    17 |     4 |     4 ||   129
       Stone Arrow       |     1 |     2 |    44 |    28 |       |       ||    75
       Lee's Rapid Decon |       |       |     5 |    39 |    28 |    26 ||    98
       Iron Shot         |       |       |       |    17 |    65 |    72 ||   154
       Bolt of Magma     |       |       |       |       |     9 |    14 ||    23
       Irradiate         |       |       |       |       |       |    18 ||    18
       Ignition          |       |       |       |       |       |     9 ||     9
Evoke: Wand              |       |     1 |       |     2 |     7 |     2 ||    12
       Condenser vane    |       |       |       |       |       |     1 ||     1
  Use: Scroll            |       |    11 |     6 |    19 |     5 |     8 ||    49
       Potion            |       |       |       |     1 |     5 |     3 ||     9
 Stab: Sleeping          |     4 |     3 |     5 |     8 |    11 |    17 ||    48
       Paralysed         |       |     1 |       |       |       |       ||     1
       Distracted        |       |       |     1 |       |     2 |     1 ||     4
       Petrified         |       |       |       |       |     1 |       ||     1
Armor: Robe              |    17 |    99 |    59 |       |       |       ||   175
       Steam dragon scal |       |       |    75 |   324 |   228 |   579 ||  1206
       Animal skin       |       |       |       |       |       |    88 ||    88
Dodge: Dodged            |    32 |   131 |   145 |   344 |   311 |  1059 ||  2022
Block: Other             |       |       |     1 |   141 |   124 |   319 ||   585
       Reflection        |       |       |       |     5 |     7 |    21 ||    33

Table legend: (Time is in decaauts)
 A = Elapsed time spent in this place.
 B = Non-inter-level travel time spent in this place.
 C = Inter-level travel time spent in this place.
 D = Time resting spent in this place.
 E = Time spent auto-exploring this place.
 F = Levels seen in this place.
 G = Mean time per level.
                   A        B        C        D        E       F      G
               +--------+--------+--------+--------+--------+-----+--------+
         Total |  38526 |  36686 |   1840 |   4025 |  25883 |  31 | 1242.8 |
       Dungeon |  20768 |  19580 |   1188 |   1501 |  14583 |  15 | 1384.5 |
        Temple |    224 |    186 |     38 |      0 |    185 |   1 |  224.0 |
          Lair |   7834 |   7512 |    322 |    816 |   5298 |   6 | 1305.7 |
     Snake Pit |   5101 |   4868 |    233 |    611 |   3582 |   4 | 1275.2 |
  Orcish Mines |   1551 |   1494 |     57 |     39 |   1044 |   2 |  775.5 |
        Bailey |    815 |    815 |      0 |    225 |    390 |   1 |  815.0 |
      Ice Cave |   1356 |   1356 |      0 |    421 |    555 |   1 | 1356.0 |
      Gauntlet |    874 |    874 |      0 |    412 |    246 |   1 |  874.0 |
               +--------+--------+--------+--------+--------+-----+--------+

Top non-repeatable levels by time:
 Snake:3: 2356 daAuts
    D:13: 2144 daAuts
  Lair:6: 1844 daAuts
     D:8: 1590 daAuts
    D:15: 1534 daAuts
  Lair:2: 1526 daAuts
     D:6: 1511 daAuts
     D:5: 1468 daAuts
 Snake:2: 1467 daAuts
    D:14: 1430 daAuts
     D:4: 1422 daAuts
     D:7: 1370 daAuts
   IceCv: 1356 daAuts
    D:11: 1336 daAuts
    D:12: 1271 daAuts
